 Dungeon Crawl Stone Soup version 0.26-a0-1053-gaff5f71418 (webtiles) character file.

Game seed: 14681114427136231086

5 stormannn the Caller (level 1, 0/10 HPs)
             Began as a Deep Elf Summoner on Dec 12, 2020.
             Slain by a kobold
             ... wielding a +0 whip
              (2 damage)
             ... on level 1 of the Dungeon.
             The game lasted 00:03:14 (794 turns).

stormannn the Caller (Deep Elf Summoner)             Turns: 794, Time: 00:03:14

Health: 0/10       AC:  2    Str:  5    XL:     1   Next: 66%
Magic:  3/6        EV: 13    Int: 19    God:
Gold:   37         SH:  0    Dex: 15    Spells: 5/6 levels left

rFire    . . .     SeeInvis .   c - +0 dagger
rCold    . . .     Faith    .   (no shield)
rNeg     . . .     Spirit   .   a - +0 robe
rPois    .         Reflect  .   (no helmet)
rElec    .         Harm     .   (no cloak)
rCorr    .         Rampage  .   (no gloves)
Will     .....                  (no boots)
Stlth    ++........             (no amulet)
HPRegen  0.03/turn              (no ring)
MPRegen  0.10/turn              (no ring)

@: no status effects
A: no striking features
a: no special abilities


You were on level 1 of the Dungeon.
You visited 1 branch of the dungeon, and saw 1 of its levels.

You collected 37 gold pieces.

Inventory:

Hand Weapons
 c - a +0 dagger (weapon)
Armour
 a - a +0 robe (worn)
Scrolls
 b - a scroll of amnesia {unknown}


   Skills:
 + Level 2.6 Dodging
 - Level 2.4 Stealth
 + Level 3.2 Spellcasting
 + Level 4.5 Summonings


You had 5 spell levels left.
You knew the following spells:

 Your Spells              Type           Power        Failure   Level
a - Summon Small Mammal   Summ           ###.         2%          1

Your spell library contained the following spells:

 Spells                   Type           Power        Failure   Level
 Call Imp                 Summ           ###.....     3%          2
 Call Canine Familiar     Summ           ###.....     7%          3
 Summon Guardian Golem    Hex/Summ       ##......     19%         3
 Summon Ice Beast         Ice/Summ       ##......     52%         4
 Summon Lightning Spire   Summ/Air       ##......     52%         4


Dungeon Overview and Level Annotations

Branches:
Dungeon (1/15)

Altars:


Message History

The kobold misses you.
The kobold hits you with a cursed +0 short sword.
Your quokka closely misses the kobold.
Casting: Summon Small Mammal (safe; 2% risk of failure)
Confirm with . or Enter, or press ? or * to list all spells.
Your quokka misses the kobold. The kobold closely misses you. x2
Your quokka barely misses the kobold.
Your quokka misses the kobold.
The kobold hits your quokka but does no damage.
Your rat barely misses the kobold.
Your quokka bites the kobold.
You closely miss the kobold.
The kobold hits your quokka with a cursed +0 short sword.
Your quokka dies!
Your quokka's corpse disappears in a puff of smoke!
The kobold hits you with a +0 whip.
* * * LOW HITPOINT WARNING * * *
Your rat completely misses the kobold.
Your quokka closely misses the kobold.
You hit the kobold.
The kobold is moderately wounded.
The kobold hits you with a +0 whip.
You die...

#...........#
#.......#^#.###
######........#
##.#.#.#.#
#.....#.#
#.#.###.# #.#.#
#.# # #.#.#
#.####.####.
#.(K@.......
......rrK........
........###...##.
..####.## ...# #
. #.. ..# . ##.
..# . . .# ..


You could see 2 kobolds, a friendly quokka (summoned) and a friendly rat
(summoned).

Vanquished Creatures
  A ball python (D:1)
1 creature vanquished.

Vanquished Creatures (collateral kills)
  3 goblins (D:1)
  A hobgoblin (D:1)
  A kobold (D:1)
  A bat (D:1)
  A rat (D:1)
7 creatures vanquished.

Grand Total: 8 creatures vanquished

Notes
Turn   | Place    | Note
-------+----------+-------------------------------------------
     0 | D:1      | stormannn the Deep Elf Summoner began the quest for the
                  | Orb.
     0 | D:1      | Reached XP level 1. HP: 10/10 MP: 6/6
   794 | D:1      | Slain by a kobold

Illustrated notes

Levels and vault maps discovered:
D:1:      dpeg_arrival_tiny_f, layout_loops_ring, minmay_ruptured

Action                   || total
-------------------------++-------
Melee: Dagger            ||     3
       Unarmed           ||     2
 Cast: Summon Small Mamm ||    20
Armor: Robe              ||     3
Dodge: Dodged            ||    13

Table legend: (Time is in decaauts)
 A = Elapsed time spent in this place.
 B = Non-inter-level travel time spent in this place.
 C = Inter-level travel time spent in this place.
 D = Time resting spent in this place.
 E = Time spent auto-exploring this place.
 F = Levels seen in this place.
 G = Mean time per level.
                   A        B        C        D        E       F      G
               +--------+--------+--------+--------+--------+-----+--------+
         Total |    793 |    784 |      9 |    473 |    191 |   1 |  793.0 |
       Dungeon |    793 |    784 |      9 |    473 |    191 |   1 |  793.0 |
               +--------+--------+--------+--------+--------+-----+--------+

Top non-repeatable levels by time:
     D:1: 793 daAuts
